 Dungeon Crawl Stone Soup version 0.29.1-1-gd02db6906a (webtiles) character file.

Game seed: 18227125008442003689

193 Zeld the Chopper (level 5, -9/47 HPs)
             Began as a Minotaur Berserker on Oct 12, 2022.
             Was a Believer of Trog.
             Killed by divine providence
             ... invoked by an orc priest
              (15 damage)
             ... on level 4 of the Dungeon.
             The game lasted 00:01:44 (2493 turns).

Zeld the Chopper (Minotaur Berserker)               Turns: 2493, Time: 00:01:45

Health: -9/47      AC: 10    Str: 23    XL:     5   Next: 44%
Magic:  4/4        EV: 11    Int:  4    God:    Trog [**....]
Gold:   140        SH:  3    Dex: 10    Spells: 4/4 levels left

rFire   . . .      SeeInvis .   a - +0 mace (venom)
rCold   + . .      Faith    .   c - +0 buckler
rNeg    + . .      Spirit   .   b - +5 ring mail of the Divine God {rC+ rN+ Regen+}
rPois   .          Reflect  .   (helmet restricted)
rElec   .          Harm     .   (no cloak)
rCorr   .          Rampage  .   (no gloves)
Will    .....                   (no boots)
Stlth   ..........              (no amulet)
HPRegen 0.95/turn               (no ring)
MPRegen 0.09/turn               (no ring)

@: no status effects
A: horns 2, retaliatory headbutt
a: Renounce Religion, Berserk, Trog's Hand


You were on level 4 of the Dungeon.
You worshipped Trog.
Trog was pleased with you.
You visited 1 branch of the dungeon, and saw 4 of its levels.

You collected 140 gold pieces.

Inventory:

Hand Weapons
 a - a +0 mace of venom (weapon)
Armour
 b - the +5 ring mail of the Divine God (worn) {rC+ rN+ Regen+}
   (You found it on level 2 of the Dungeon)

   rC:        It protects you from cold.
   rN:        It protects you from negative energy.
   Regen:     It increases your rate of health regeneration.
 c - a +0 buckler (worn)
Wands
 j - a wand of roots (14)
Scrolls
 d - 4 scrolls of identify {unknown}
 e - a scroll of noise {unknown}
 f - 2 scrolls of blinking {unknown}
 h - a scroll of torment {unknown}
 i - 3 scrolls of butterflies {unknown}
 k - a scroll of brand weapon {unknown}
 o - 2 scrolls of magic mapping {unknown}
 p - a scroll of amnesia {unknown}
 q - a scroll of teleportation {unknown}
 s - a scroll of enchant weapon {unknown}
 t - a scroll of enchant armour {unknown}
 v - a scroll of acquirement {unknown}
Potions
 g - a potion of degeneration {unknown}
 l - 5 potions of curing {unknown}
 m - a potion of attraction {unknown}
 n - a potion of brilliance {unknown}
 r - 2 potions of ambrosia {unknown}
 u - 2 potions of haste {unknown}


   Skills:
 + Level 4.6 Fighting
 * Level 5.5 Axes
 + Level 3.7 Armour
 + Level 3.3 Dodging


You had 4 spell levels left.
You didn't know any spells.
Your spell library was empty.

Dungeon Overview and Level Annotations

Branches:
Dungeon (4/15)
 Temple: D:4-7

Altars:
Nemelex Xobeh


Innate Abilities, Weirdness & Mutations

You have a pair of horns on your head.
You reflexively headbutt those who attack you in melee.


Message History

Unknown command.
You sock the kobold brigand!
You kill the kobold brigand!
Trog accepts your kill.
An orc comes into view. It is wielding a +0 falchion.
The giant cockroach bites you but does no damage.
An orc priest comes into view. It is wielding a +0 club.
The goblin hits you with a +0 club. The giant cockroach closely misses you.
You have reached level 5!
You sock the giant cockroach!
You kill the giant cockroach!
Trog accepts your kill. The goblin misses you.
The orc priest mumbles some strange prayers to Beogh against you.
Beogh smites you!
Unknown command.
You barely miss the orc. Your headbutt misses the orc.
The orc barely misses you. The orc hits you but does no damage.
A hobgoblin comes into view.
The goblin closely misses you.
An orc comes into view. It is wielding a +0 war axe.
The orc attacks as you move away! The orc hits you but does no damage. x2
The orc priest invokes the aid of Beogh against you.
Beogh smites you!
The orc shouts!
The hobgoblin shouts!
You see here 11 gold pieces.
Unknown command.
You thump the orc!
You kill the orc!
Trog accepts your kill. The orc attacks as you move away!
The orc barely misses you.
You closely miss the orc. The orc hits you but does no damage.
The orc hits you with a +0 hand axe.
The orc priest invokes the aid of Beogh against you.
Beogh smites you!
* * * LOW HITPOINT WARNING * * *
The endoplasm quivers.
The orc priest invokes the aid of Beogh against you.
Beogh smites you!
You die...

##...# ####..### ###
#.....# ##.# ##.##.##
.########..####.....#
........#..##....####
#######....##.#.## ..
##....#....#.# ...
##.o.@........###....
####g..#####J##.........
####o.o..##
#.......#.... #..go##.##
##....### ..
####$#####.# ##...## ###
#......# #.# #..#.#
###.# .....)....##.#
#....# #...#
......o....#.# #...##
#.### ...........#.#
#...#.# ##.#


You could see an orc priest, 3 orcs, an endoplasm and a goblin.

Vanquished Creatures
  A kobold brigand (D:4)
  An orc wizard (D:3)
  Terence (D:2)
  2 adders (D:2)
  A worm (D:2)
  3 dart slugs
  4 orcs
  5 bats
  3 endoplasms (D:1)
  5 giant cockroaches
  2 goblins (D:2)
  4 hobgoblins
  2 jackals (D:1)
  4 kobolds
  A quokka (D:1)
  3 ball pythons
  4 frilled lizards
  4 rats
50 creatures vanquished.

Notes
Turn   | Place    | Note
-------+----------+-------------------------------------------
     0 | D:1      | Zeld the Minotaur Berserker began the quest for the Orb.
     0 | D:1      | Reached XP level 1. HP: 19/19 MP: 0/0
    12 | D:1      | Noticed an ogre
   472 | D:1      | Reached XP level 2. HP: 23/27 MP: 1/1
   481 | D:1      | Reached skill level 4 in Axes
   909 | D:2      | Reached XP level 3. HP: 28/33 MP: 2/2
  1086 | D:2      | Noticed Terence
  1095 | D:2      | Killed Terence
  1243 | D:2      | Reached XP level 4. HP: 33/40 MP: 3/3
  1321 | D:2      | Identified the +5 ring mail of the Divine God {rC+ rN+
                  | Regen+}
  1650 | D:2      | Found a faded altar of an unknown god.
  1818 | D:3      | Reached ** piety under Trog
  2230 | D:3      | Found a sparkling altar of Nemelex Xobeh.
  2314 | D:3      | Reached skill level 5 in Axes
  2472 | D:4      | Noticed a kobold brigand
  2478 | D:4      | Killed a kobold brigand
  2479 | D:4      | Reached XP level 5. HP: 38/47 MP: 4/4
  2493 | D:4      | Killed from afar by an orc priest

Illustrated notes

Levels and vault maps discovered:
D:1:      evilmike_arrival_come_back, layout_loops_ring, minmay_tromino_mix6
D:2:      layout_basic, hellmonk_ecumenical_altar_heavens_door, uniq_terence
D:3:      layout_basic, mainiacjoe_overflow_alcove_2
D:4:      layout_rooms

Skill      XL: |  1  2  3  4 |
---------------+-------------+-----
Axes           | 4 5 |  5.5
Fighting       | 4 |  4.6
Armour         | 3 |  3.7
Dodging        | 3 |  3.3

Action                   |  1- 3 |  4- 6 || total
-------------------------+-------+-------++-------
Melee: Hand axe          |     9 |       ||     9
       Mace              |    37 |    39 ||    76
       Headbutt          |     6 |     3 ||     9
Armor: Animal skin       |     4 |     1 ||     5
       Ring mail         |       |    32 ||    32
Dodge: Dodged            |    34 |    28 ||    62
Block: Buckler           |     3 |     2 ||     5
